 Dungeon Crawl Stone Soup version 0.16.0-8-gd9ae3a8 (webtiles) character file.

29768 Ololoev the Severer (level 13, -8/98 HPs)
             Began as a Formicid Artificer on Mar 16, 2015.
             Was a High Priest of Okawaru.
             Killed from afar by an ice statue (12 damage)
             ... with a freezing blast
             ... in an ice cave.
             The game lasted 01:17:43 (21863 turns).

Ololoev the Severer (Formicid Artificer)           Turns: 21863, Time: 01:17:44

Health: -8/98      AC: 13    Str: 23    XL:     13   Next: 83%
Magic:  28/28      EV: 10    Int: 13    God:    Okawaru [*****.]
Gold:   350        SH:  0    Dex: 13    Spells: 0 memorised, 12 levels left

rFire  + . .     SeeInvis +     t - +7 broad axe "Gial" {elec, MR++ Str+2}
rCold  . . .     Clarity  .     I - +1 scale mail {rF+}
rNeg   + . .     SustAb   .     (no shield)
rPois  .         Gourm    .     (helmet unavailable)
rElec  .         Spirit   .     (no cloak)
rCorr  .         Warding  .     e - +2 pair of gloves {Str+3}
rMut   .         Stasis   +     A - +0 pair of boots
MR     +++..                    a - amulet of faith
Stlth  ..........               v - ring of positive energy
                                (no ring)

@: extremely resistant to hostile enchantments, extremely unstealthy
A: permanent stasis, dig shafts and tunnels, four strong arms, antennae 3
a: Dig, Shaft Self, Heroism, Renounce Religion


You were in an ice cave.
You worshipped Okawaru.
Okawaru was extremely pleased with you.
You were not hungry.

You visited 5 branches of the dungeon, and saw 18 of its levels.
You also visited: Sewer and Ice Cave.

You collected 1526 gold pieces.
You spent 1176 gold pieces at shops.

Notes
Turn   | Place    | Note
--------------------------------------------------------------
     0 | D:1      | Ololoev, the Formicid Artificer, began the quest for the Orb.
     0 | D:1      | Reached XP level 1. HP: 15/15 MP: 1/1
   142 | D:1      | Reached skill level 1 in Armour
   142 | D:1      | Reached XP level 2. HP: 21/21 MP: 4/4
   497 | D:1      | Reached skill level 4 in Evocations
   664 | D:1      | Reached XP level 3. HP: 22/26 MP: 6/6
  1242 | D:2      | Reached skill level 1 in Axes
  1414 | D:2      | Reached XP level 4. HP: 20/32 MP: 7/7
  2133 | D:3      | Noticed Purgy
  2149 | D:3      | Found an ancient bone altar of Kikubaaqudgha.
  2153 | D:3      | Noticed a sky beast
  2162 | D:3      | Killed a sky beast
  2162 | D:3      | Reached XP level 5. HP: 12/37 MP: 10/10
  2235 | D:3      | Killed Purgy
  2235 | D:3      | Reached XP level 6. HP: 24/43 MP: 12/12
  2249 | D:3      | Reached skill level 5 in Axes
  2515 | D:3      | Found a glowing drain.
  2542 | Sewer    | Entered a sewer
  2947 | Sewer    | Reached XP level 7. HP: 46/48 MP: 13/13
  3227 | Sewer    | Reached skill level 6 in Axes
  3801 | D:3      | Found a white marble altar of Elyvilon.
  4102 | D:4      | Found a staircase to the Ecumenical Temple.
  4112 | D:4      | HP: 2/48 [gnoll/flail of draining (2)]
  4241 | Temple   | Entered the Ecumenical Temple
  4265 | Temple   | Became a worshipper of Warmaster Okawaru
  4401 | D:4      | Reached skill level 7 in Axes
  4404 | D:4      | Got a warped war axe
  4405 | D:4      | Identified the +6 war axe of the Spheres {holy, *Rage +Inv Dex-5 SInv Stlth+} (You found it on level 4 of the Dungeon)
  4440 | D:4      | Found a shimmering altar of Xom.
  5358 | D:5      | Entered Level 5 of the Dungeon
  5473 | D:5      | Reached XP level 8. HP: 50/54 MP: 16/16
  5976 | D:5      | Reached skill level 8 in Axes
  6404 | D:6      | Found a shadowy altar of Dithmenos.
  6683 | D:6      | Acquired Okawaru's first power
  7244 | D:6      | Reached skill level 9 in Axes
  7315 | D:6      | Reached XP level 9. HP: 59/59 MP: 18/18
  7848 | D:7      | Reached skill level 5 in Armour
  7853 | D:7      | Noticed Blork the orc
  7853 | D:7      | Noticed Blork
  7853 | D:7      | Blork the orc changed into Blork the hound
  7861 | D:7      | Killed Blork the hound
  7862 | D:7      | Reached skill level 10 in Axes
  8520 | D:7      | Found a glowing golden altar of the Shining One.
  8670 | D:7      | Reached skill level 5 in Evocations
  8673 | D:7      | Reached XP level 10. HP: 53/65 MP: 20/20
  8676 | D:7      | Reached skill level 11 in Axes
  8679 | D:7      | Received a gift from Okawaru
  9829 | D:8      | Noticed Eustachio
  9848 | D:8      | Killed Eustachio
  9900 | D:8      | Found an opulent altar of Gozag.
 11386 | D:9      | Reached skill level 12 in Axes
 12080 | D:9      | Found a staircase to the Lair.
 12201 | D:9      | Acquired Okawaru's second power
 12201 | D:9      | Reached XP level 11. HP: 70/70 MP: 21/23
 12471 | D:9      | Noticed a moth of wrath
 12484 | D:9      | Found a bloodstained altar of Trog.
 12505 | D:9      | Killed a moth of wrath
 12891 | D:10     | Entered Level 10 of the Dungeon
 12921 | D:10     | Received a gift from Okawaru
 12926 | D:10     | Reached skill level 13 in Axes
 12994 | D:10     | Noticed Erica
 12999 | D:10     | Killed Erica
 13241 | D:10     | Found Agecwocs' Armour Emporium.
 13382 | D:10     | Noticed Fannar
 13396 | D:10     | Killed Fannar
 13676 | D:10     | Noticed a hill giant
 13686 | D:10     | Killed a hill giant
 14113 | D:11     | Received a gift from Okawaru
 14321 | D:11     | Noticed Josephine
 14334 | D:11     | Killed Josephine
 14334 | D:11     | Reached skill level 14 in Axes
 14334 | D:11     | Reached XP level 12. HP: 67/76 MP: 24/26
 14483 | D:11     | Noticed a cyclops
 14501 | D:11     | Killed a cyclops
 14501 | D:11     | Reached skill level 10 in Evocations
 14543 | D:11     | Noticed an unseen horror
 14555 | D:11     | Killed an unseen horror
 14555 | D:11     | Received a gift from Okawaru
 14556 | D:11     | Got an ancient broad axe {god gift}
 14565 | D:11     | Identified the +7 broad axe "Gial" {elec, MR++ Str+2} (Okawaru gifted it to you on level 11 of the Dungeon)
 14689 | D:11     | Found a staircase to the Orcish Mines.
 15087 | Orc:1    | Entered Level 1 of the Orcish Mines
 15559 | Orc:2    | Reached skill level 15 in Axes
 16295 | Orc:1    | Found Thraothad's Weapon Emporium.
 16717 | Orc:3    | Noticed an orc warlord
 16760 | Orc:3    | Killed an orc warlord
 16760 | Orc:3    | Received a gift from Okawaru
 17353 | Orc:4    | Entered Level 4 of the Orcish Mines
 18280 | Orc:4    | Reached XP level 13. HP: 67/90 MP: 28/28
 18505 | Orc:4    | Noticed an ogre mage
 18518 | Orc:4    | Killed an ogre mage
 18518 | Orc:4    | Reached skill level 5 in Fighting
 18605 | Orc:4    | Reached skill level 16 in Axes
 19375 | Orc:4    | Found Efubrez's Gadget Shoppe.
 19375 | Orc:4    | Found Cleul's Distillery.
 19378 | Orc:4    | Found Yraes' Weapon Boutique.
 19380 | Orc:4    | Found Muun's Antique Armour Emporium.
 19385 | Orc:4    | Bought a slimy scale mail for 288 gold pieces
 19395 | Orc:4    | Identified the +0 scale mail "Painaabe" {+Inv rPois Regen+ MP-9 Dex+3} (You bought it in a shop on level 4 of the Orcish Mines)
 19409 | Orc:4    | Bought a potion of might for 48 gold pieces
 19409 | Orc:4    | Bought a potion of resistance for 120 gold pieces
 19409 | Orc:4    | Bought a potion of heal wounds for 60 gold pieces
 19409 | Orc:4    | Bought a potion of heal wounds for 60 gold pieces
 19414 | Orc:4    | Bought a lamp of fire for 600 gold pieces
 19662 | Orc:4    | Found a staircase to the Elven Halls.
 20133 | Elf:1    | Entered Level 1 of the Elven Halls
 20227 | Elf:1    | Noticed an eldritch tentacle
 20345 | Elf:1    | Noticed a bone dragon
 20373 | Elf:1    | Received a gift from Okawaru
 20374 | Elf:1    | Got a pair of brightly glowing gloves {god gift}
 20418 | Orc:4    | Identified the +1 pair of gloves of the Shoals {+Inv} (Okawaru gifted it to you on level 1 of the Elven Halls)
 21059 | Elf:1    | Reached skill level 17 in Axes
 21625 | Lair:1   | Entered Level 1 of the Lair of Beasts
 21633 | Lair:1   | Reached skill level 1 in Shields
 21653 | Lair:1   | Found a frozen archway.
 21679 | IceCv    | Entered an ice cave
 21863 | IceCv    | HP: 4/98 [ice statue/freezing blast (9)]
 21863 | IceCv    | Killed from afar by an ice statue

Inventory:

Hand weapons
 t - the +7 broad axe "Gial" (weapon) {elec, MR++ Str+2}
   (Okawaru gifted it to you on level 11 of the Dungeon)

   Occasionally, upon striking a foe, it will discharge some electrical energy
   and cause terrible harm.
   It affects your strength (+2).
   It affects your resistance to hostile enchantments.
 w - a +1 war axe of flaming
Armour
 e - a +2 pair of gloves of strength (worn)
 r - a +0 buckler
 A - a +0 pair of boots (worn)
 I - a +1 scale mail of fire resistance (worn)
Jewellery
 a - an amulet of faith (around neck)
 v - a ring of positive energy (right hand)
Magical devices
 c - a wand of enslavement (5)
 h - a wand of draining (6)
 s - a wand of frost (13)
 u - a wand of draining (3)
 x - a wand of disintegration (10)
 B - a wand of slowing (17)
Scrolls
 k - a scroll of fear
 m - 4 scrolls of remove curse
Potions
 b - a potion of might
 d - a potion of resistance
 g - 2 potions of restore abilities
 i - a potion of cancellation
 j - a potion of heal wounds
 l - 3 potions of flight
 o - a potion of lignification {unknown}
 q - 3 potions of curing
 C - a potion of beneficial mutation
 D - a potion of mutation
Miscellaneous
 n - a lamp of fire (inert)
Comestibles
 f - 10 bread rations
 z - 6 meat rations
 H - 2 slices of pizza
 L - a royal jelly

Table legend:
 A = Turns spent in this place as a percentage of turns spent in the entire game.
 B = Non-inter-level travel turns spent in this place as a percentage of non-inter-level travel turns spent in the entire game.
 C = Inter-level travel turns spent in this place as a percentage of turns spent in this place.
 D = Turns resting spent in this place as a percentage of non-inter-level travel turns spent in this place.
 E = Turns spent auto-exploring this place as a percentage of non-inter-level travel turns spent in this place.
 F = Non-inter-level travel turns spent in this place divided by the number of levels of this place that you've seen.
                   A       B       C       D       E      F
               +-------+-------+-------+-------+-------+----------------------
         Total | 100.0 | 100.0 |   0.6 |   6.7 |  10.2 | 296.5
       Dungeon |  55.6 |  55.6 |   0.7 |   5.9 |  13.1 | 299.6
        Temple |   0.2 |   0.2 |   9.1 |   0.0 |  50.0 |  10.0
          Lair |   0.9 |   0.9 |   0.0 |   0.0 |   0.0 |  51.0
  Orcish Mines |  27.7 |  27.7 |   0.7 |   9.5 |   9.4 | 410.0
   Elven Halls |   5.9 |   5.9 |   0.8 |   5.1 |   1.4 | 350.0
         Sewer |   8.1 |   8.1 |   0.0 |   6.0 |   1.2 | 482.0
      Ice Cave |   1.7 |   1.7 |   0.0 |   2.0 |   0.0 | 102.0
               +-------+-------+-------+-------+-------+----------------------


   Skills:
 + Level 7.8 Fighting
   Level 1.0 Short Blades
 * Level 17.1 Axes
 - Level 8.2 Armour
 - Level 1.7 Dodging
 - Level 1.2 Stealth
 * Level 1.7 Shields
 - Level 10.5 Evocations


You had 12 spell levels left.
You didn't know any spells.

Dungeon Overview and Level Annotations

Branches:
Dungeon (11/15)            Temple (1/1) D:4            Lair (1/8) D:9
    Orc (4/4) D:11            Elf (1/3) Orc:4

Altars:
Ashenzari
Cheibriados
Dithmenos
Elyvilon
Gozag
Kikubaaqudgha
Makhleb
Okawaru
Qazlal
Sif Muna
Trog
Vehumet
Xom
The Shining One

Shops:
D:10 [   Orc:1 (   Orc:4 (!}[

Annotations:
IceCv exclusion: 3 ice statues


Innate Abilities, Weirdness & Mutations

You are under a permanent stasis effect.
You can dig through walls and to a lower floor.
Your four strong arms can wield two-handed weapons with a shield.
You have a pair of large antennae on your head (SInv).


Message History

You dig through the rock wall.
You dig through the rock wall.
You are near starving!
You dig through the rock wall.
You dig through the rock wall.
Eat which item? (? for menu, Esc to quit)
You continue eating. x2
You finish eating.
That royal jelly was delicious!
You retract your mandibles.
You see here a gnarled runed staff.
Evoke which item? (* to show all) (? for menu, Esc to quit)
Okay, then.
Marking area around the ice statue as unsafe for travelling.
Marking area around the ice statue as unsafe for travelling.
Marking area around the ice statue as unsafe for travelling. 3 ice statues come into view.
The ice statue glitters chillingly in the dim dungeon light.
Unknown command.
You slice the ice beast!!!
You kill the ice beast!
Drink which item? (? for menu, Esc to quit)
Okay, then.
Read which item? (? for menu, Esc to quit)
Okay, then.
Evoke which item? (* to show all) (? for menu, Esc to quit)
Okay, then.
Really walk into a travel-excluded area?
The ice statue throws ice at you. The shard of ice hits you!
The ice statue throws cold at you. The bolt of cold hits you!
The ice statue glitters chillingly in the dim dungeon light.
The ice statue throws ice at you. The shard of ice hits you!
The ice statue glitters chillingly in the dim dungeon light.
The ice statue throws cold at you. The freezing blast engulfs you!
The ice statue throws cold at you. The freezing blast engulfs you!
You die...

###.###
##.....##
##.......##
#.........#
#.........#
#.........#
###....§...)#
#...|§§§§...#
#.#####@#####
#.#8..§§§..8#
#.#....§....#
#.#.........#
#.#.........#
#.#.........#
#.##.......##
#.###.....##
#.# ###8###


You could see 3 ice statues.

Table legend:
 A = Kills in this place as a percentage of kills in entire the game.
 B = Kills by you in this place as a percentage of kills by you in the entire game.
 C = Kills by friends in this place as a percentage of kills by friends in the entire game.
 D = Other kills in this place as a percentage of other kills in the entire game.
 E = Experience gained in this place as a percentage of experience gained in the entire game.
 F = Experience gained in this place divided by the number of levels of this place that you have seen.
                   A       B       C       D       E      F
               +-------+-------+-------+-------+-------+----------------------
         Total | 100.0 | 100.0 | 100.0 |  -nan | 100.0 | 2126.4
       Dungeon |  52.6 |  52.8 |  33.3 |  -nan |  46.3 | 1789.8
          Lair |   0.2 |   0.2 |   0.0 |  -nan |   0.9 | 403.0
  Orcish Mines |  32.1 |  32.4 |   0.0 |  -nan |  29.0 | 3088.2
   Elven Halls |   5.1 |   4.5 |  66.7 |  -nan |  21.3 | 9059.0
         Sewer |   9.1 |   9.1 |   0.0 |  -nan |   0.6 | 256.0
      Ice Cave |   1.0 |   1.0 |   0.0 |  -nan |   1.8 | 768.0
               +-------+-------+-------+-------+-------+----------------------

Vanquished Creatures
  An orc warlord (Orc:3)
  An ogre mage (Orc:4)
  Josephine (D:11)
  Fannar (D:10)
  Erica (D:10)
  An unseen horror (D:11)
  3 deep elf knights (Elf:1)
  A hill giant (D:10)
  2 deep elf conjurers (Elf:1)
  A moth of wrath (D:9)
  A cyclops (D:11)
  An orc sorcerer (Orc:4)
  A spiny frog (Lair:1)
  A gargoyle (D:10)
  2 kobold demonologists (D:11)
  A deep elf priest (Elf:1)
  A fire drake (D:9)
  2 trolls
  A trapdoor spider zombie (D:11)
  10 deep elf magi
  6 wraiths (D:11)
  11 yaks
  3 hungry ghosts
  Eustachio (D:8)
  A wyvern (D:9)
  13 deep elf fighters (Elf:1)
  4 wargs
  A hippogriff (D:7)
  12 ice beasts
  A water moccasin (D:8)
  Purgy (D:3)
  2 necrophages
  15 ogres
  32 orc warriors
  A black bear (D:9)
  A sky beast (D:3)
  A crocodile (D:7)
  18 centaurs
  A big kobold (D:11)
  A water moccasin zombie (D:7)
  6 giant frogs
  A wyvern zombie (D:11)
  A wyvern skeleton (D:9)
  3 scorpions
  12 killer bees (D:7)
  6 wights
  A vampire bat (D:5)
  An electric eel (D:10)
  4 crimson imps
  2 centaur zombies
  A jelly (D:5)
  4 hounds
  A quasit (D:11)
  21 orc priests
  2 giant frog skeletons
  A centaur skeleton (D:7)
  4 iguanas
  7 worker ants
  19 orc wizards
  2 sheep (D:11)
  2 hound zombies
  A hound skeleton (D:9)
  2 worker ant zombies
  A river rat (D:8)
  7 gnolls (D:4)
  12 adders
  6 giant mites
  2 shadow imps (D:5)
  4 worms
  17 giant geckos
  13 oozes
  124 orcs
  2 spectral bats (D:5)
  27 bats
  3 bat skeletons (D:5)
  3 bat zombies (D:5)
  3 fire bats (D:5)
  14 giant cockroaches
  26 goblins
  22 hobgoblins
  7 jackals
  18 kobolds
  3 quokkas
  16 ball pythons
  A bat simulacrum (D:5)
  A giant gecko skeleton (D:6)
  15 giant newts
  A goblin skeleton (D:7)
  A goblin zombie (D:7)
  2 hobgoblin zombies (D:7)
  A kobold skeleton (D:7)
  A kobold zombie (D:7)
  An orc skeleton (D:7)
  A quokka skeleton (D:5)
  18 rats
  10 ballistomycetes
  A macabre mass (Elf:1)
648 creatures vanquished.

Vanquished Creatures (collateral kills)
  A deep elf conjurer (Elf:1)
  2 deep elf priests (Elf:1)
  A deep elf fighter (Elf:1)
  A worm (D:3)
  A giant spore (D:11)
  A rat (D:3)
7 creatures vanquished.

Vanquished Creatures (others)
  A sheep (D:11)
  A giant spore (D:9)
  A butterfly (D:6)
  353 eldritch tentacle segments (Elf:1)
356 creatures vanquished.

Grand Total: 1011 creatures vanquished

Action                   |  1- 3 |  4- 6 |  7- 9 | 10-12 | 13-15 || total
-------------------------+-------+-------+-------+-------+-------++-------
Melee: Short sword       |    81 |       |       |       |       ||    81
       Hand axe          |    29 |   154 |    89 |       |       ||   272
       Broad axe         |       |       |   358 |   463 |   154 ||   975
       War axe           |       |       |       |   132 |       ||   132
Invok: Heroism           |       |       |     1 |     4 |     4 ||     9
 Abil: Dig               |       |       |     1 |     9 |    11 ||    21
Evoke: Wand              |     5 |     7 |    16 |    47 |     1 ||    76
       Lamp of fire      |       |       |       |       |     1 ||     1
  Use: Scroll            |       |       |    12 |    22 |     3 ||    37
       Potion            |       |       |     2 |     7 |     3 ||    12
 Stab: Sleeping          |     1 |       |       |     1 |     1 ||     3
       Invisible         |       |       |       |     6 |       ||     6
  Eat: Chunk             |     2 |     5 |    16 |    36 |     8 ||    67
       Pizza             |       |       |     2 |       |       ||     2
       Royal jelly       |       |       |       |       |     2 ||     2
       Beef jerky        |       |       |       |       |     2 ||     2

Vault maps used:
D:1:      dpeg_arrival_fog
D:2:      first_bread, minmay_misc_feat_five, st_stairs_9, minivault_25
D:3:      kiku_gazebo_pond_becter, overflow_temple_1_default,
          gup_sewer_entry_glass, uniq_purgy
D:4:      nicolae_overflow_crystal_walls, minmay_temple_entry_statues
D:5:      goddamned_bats
D:6:      lemuel_round_altar, minmay_misc_feat_cross, solitary_fountain
D:7:      nicolae_tso_besieged_by_evil, uniq_blork_the_orc
D:8:      nicolae_overflow_hidden_temple, serial_co_window_serial,
          co_window_cross_1, co_window_paths_b, co_window_of_opportunity_a,
          co_window_paths_a, co_window_paths_a, co_window_broadway_b,
          co_window_unsneaky_path_d, co_window_of_opportunity_b,
          co_window_4corner_a, glass_columns_a, glass_columns_a, uniq_eustachio
D:9:      tgw_trog, minmay_lair_entry_lava, serial_glass, glass_columns_a,
          glass_columns_b, minmay_misc_feat_hallway
D:10:     serial_shops, shop_fountains, uniq_fannar, uniq_erica
D:11:     david_orc_2, uniq_josephine
Temple:   circular_temple_12
Lair:1:   portal_ice_cave_entry_pillars_02, serial_bayou_shore_a
Orc:1:    serial_shops, nicolae_shop_crystal
Orc:3:    nicolae_orc_pool_cavern
Orc:4:    st_orc_rangers, mines4_lemuel
Elf:1:    minmay_elf_arrival_circle, serial_hangedman_research,
          hangedman_research_thanatology, hangedman_research_thermodynamics,
          hangedman_research_electronics, hangedman_research_geology,
          hangedman_research_quantum, hangedman_elven_crosses_minicolossus
Sewer:    sewer_frog_island_02
IceCv:    ice_cave_statue_garden_02
